 Dungeon Crawl Stone Soup version 0.20-a0-809-gaf7f668 (webtiles) character file.

261801 Gorglomux the Scorcher (level 18, -5/141 HPs)
             Began as a Demigod Fire Elementalist on Mar 3, 2017.
             Killed from afar by Margery (22 damage)
             ... with a bolt of fire
             ... on level 2 of the Vaults.
             The game lasted 03:34:44 (55552 turns).

Gorglomux the Scorcher (Demigod Fire Elementalist) Turns: 55552, Time: 03:34:45

Health: -5/141     AC:  9    Str:  9    XL:     18   Next: 50%
Magic:  20/40      EV: 24    Int: 34    God:
Gold:   3128       SH:  0    Dex: 17    Spells: 11/43 levels left

rFire    + + .     SeeInvis .   X - +8 short sword of Saltpetre {distort, rC+ Dex+3}
rCold    + + .     Gourm    .   q - +2 robe {Archmagi}
rNeg     . . .     Faith    .   (no shield)
rPois    +         Spirit   .   S - +2 helmet {Int+3}
rElec    .         Reflect  .   o - +0 cloak of Dramatic Exits {rF+ rC+ Regen+ Str-2}
rCorr    .         Harm     .   (no gloves)
MR       ++...                  d - +0 pair of boots {Stlth+}
Stlth    ++++++....             r - amulet of regeneration
Regen    1.2/turn               p - ring "Becoddah" {rPois rF+ EV+5}
MPRegen  0.3/turn               m - ring of protection from magic

@: slightly contaminated, invisible
A: clumsy 1, high mp 1
}: 2/15 runes: decaying, gossamer
a: no special abilities


You were on level 2 of the Vaults.
You were hungry.

You visited 6 branches of the dungeon, and saw 33 of its levels.
You visited the Abyss 1 time.
You also visited: Ossuary, Bailey and Ice Cave.

You collected 4830 gold pieces.
You spent 1702 gold pieces at shops.

Inventory:

Hand Weapons
 X - the +8 short sword of Saltpetre (weapon) {distort, rC+ Dex+3}
   (You found it on level 4 of the Dungeon)

   It warps and distorts space around it.
   Unwielding it can cause banishment or high damage.
   It affects your dexterity (+3).
   It protects you from cold.
Missiles
 Z - 2 throwing nets (quivered)
Armour
 d - a +0 pair of boots of stealth (worn)
 o - the +0 cloak of Dramatic Exits (worn) {rF+ rC+ Regen+ Str-2}
   (You found it on level 4 of the Lair of Beasts)

   It affects your strength (-2).
   It protects you from fire.
   It protects you from cold.
   It increases your rate of regeneration.
 q - a +2 robe of the Archmagi (worn)
 S - a +2 helmet of intelligence (worn)
Magical Staves
 z - an uncursed staff of power {unknown}
Jewellery
 m - a ring of protection from magic (left hand)
 p - the ring "Becoddah" (right hand) {rPois rF+ EV+5}
   (You found it in a bailey)

   [ring of evasion]

   It affects your evasion (+5).
   It protects you from fire.
   It protects you from poison.
 r - an amulet of regeneration (around neck)
Wands
 s - a wand of iceblast (0/15)
 u - a wand of acid (1/15)
 A - a wand of acid (0/15)
 D - a wand of digging (12/24)
 I - a wand of iceblast (2/15)
 L - a wand of lightning (9/15)
Scrolls
 k - 10 scrolls of recharging
 t - 2 scrolls of amnesia
 y - 22 scrolls of remove curse
 B - a scroll of blinking
 C - a scroll of holy word
 F - a scroll of enchant armour
 J - 6 scrolls of fog
 M - 8 scrolls of magic mapping
 N - a scroll of summoning
 Q - 5 scrolls of fear
 R - a scroll of identify
 T - 4 scrolls of teleportation
 U - 4 scrolls of immolation
 Y - a scroll of acquirement
Potions
 b - 4 potions of mutation
 f - 9 potions of haste
 h - 9 potions of flight
 j - 17 potions of curing
 n - 3 potions of heal wounds
 w - 6 potions of brilliance
 H - 6 potions of cancellation
 K - 6 potions of might
 O - a potion of invisibility
 P - 3 potions of resistance
 V - 13 potions of agility
 W - 2 potions of berserk rage
Books
 E - a book of Cantrips

   Spells                             Type                      Level
   a - Confusing Touch                Hexes                        1
   b - Animate Skeleton               Necromancy                   1
   c - Summon Small Mammal            Summoning                    1
   d - Apportation                    Translocation                1
 G - a book of Fire

   Spells                             Type                      Level
   a - Ignite Poison                  Fire/Transmutation/Poison    3
   b - Fireball                       Conjuration/Fire             5
   c - Bolt of Fire                   Conjuration/Fire             6
   d - Ring of Flames                 Charms/Fire                  7
   e - Ignition                       Fire                         8
Comestibles
 g - 10 meat rations
 i - 11 bread rations
 v - 34 chunks of flesh
 x - 14 royal jellies


   Skills:
 - Level 8.0 Fighting
 - Level 12.0 Short Blades
 - Level 9.4 Dodging
 - Level 11.1 Stealth
   Level 3.1 Shields
 - Level 13.0 Spellcasting
 - Level 9.2 Conjurations
 - Level 13.7 Hexes
 + Level 15.2 Fire Magic


You had 11 spell levels left.
You knew the following spells:

 Your Spells              Type           Power        Failure   Level  Hunger
a - Flame Tongue          Conj/Fire      #####        0%          1    None
b - Throw Flame           Conj/Fire      ######       1%          2    None
c - Sticky Flame          Conj/Fire      ########     1%          4    None
d - Fireball              Conj/Fire      ########..   1%          5    None
e - Blink                 Tloc           N/A          3%          2    None
f - Bolt of Fire          Conj/Fire      ########..   2%          6    ###....
x - Confuse               Hex            ########     1%          3    None
I - Invisibility          Hex            ########     1%          6    ###....
R - Regeneration          Chrm/Necr      ####......   8%          3    None


Dungeon Overview and Level Annotations

Branches:
Dungeon (15/15)            Temple (0/1) D:4            Lair (6/6) D:9
  Swamp (4/4) Lair:4       Spider (4/4) Lair:2        Slime (0/5) Lair:5
    Orc (2/2) D:12            Elf (0/3) Orc:2        Vaults (2/5) D:13
 Depths (0/5) D:15
  Crypt: Vaults:2-3

Shops:
D:8 ?   D:9 *   D:10 *   D:15 =   Orc:2 :[((**

Portals:
Trove: D:11 (give +3 storm dragon scales)

Annotations:
D:8 1 runed door
Vaults:2 Mara, Margery
Abyss:1 Aizul, Arachne, Jorgrun


Innate Abilities, Weirdness & Mutations

You have an increased reservoir of magic. (+10% MP)
You are clumsy. (Dex -2)


Message History

Margery points at you and mumbles some strange words.
The fireball explodes!
The fireball engulfs you! You resist.
* * * LOW HITPOINT WARNING * * *
The fireball engulfs Margery.
Margery resists.
Evoke which item? (* to show all) (? for menu, Esc to quit)
Aiming: Corrosive Bolt
Press: ? - help, Shift-Dir - straight line, f/p - Margery
Aim: Margery, wielding an enchanted long sword and wearing fire dragon scales (severely wounded, fast, covered in acid)
The bolt of acid hits Margery.
Margery is splashed with acid.
Margery is almost dead.
This wand has 1 charge left.
Margery is no longer covered in acid.
Margery hits you with an enchanted long sword!!
* * * LOW HITPOINT WARNING * * *
You feel much better.
Margery points at you and mumbles some strange words.
The bolt of fire hits you! You resist.
* * * LOW HITPOINT WARNING * * *
Margery gestures at you while chanting. The bolt of fire hits you! You resist.
You die...

#......#########
#..............
#..............
#..............
#..............
#..............
#....##########
#..@)#........ #.....
#...@'.†...... #.....
#....#..)..... #.....
#....#..†..>.. #.....
#....#........ #.....
#....#........ #.....
#....###########...†.
#..... ...........
#..... #######......
#.....#.†....


You could see Margery.

Vanquished Creatures
  the Lernaean hydra (Swamp:4)
  3 thorn hunters
  Kirke (Swamp:4)
  Roxanne (Spider:2)
  2 deep elf sorcerers (Vaults:1)
  2 frost giants
  2 ghost moths (Spider:4)
  An orc warlord (Orc:2)
  Louise (Swamp:2)
  2 emperor scorpions (Spider:4)
  3 ironheart preservers (Vaults:1)
  3 entropy weavers
  A deep elf demonologist (Vaults:1)
  Azrael (D:15)
  A deep elf annihilator (Vaults:1)
  A green death (Abyss:2)
  Snorg (Orc:1)
  3 deep elf death magi (Vaults:1)
  The ghost of krabocopter the Fighter, a journeyman DsGl of Uskayaw (Lair:1)
  An ice dragon (Vaults:2)
  A deep elf high priest (Orc:2)
  2 rakshasas
  A great orb of eyes (Vaults:2)
  A yaktaur captain (Vaults:2)
  15 hydras
  3 centaur warriors
  The ghost of beholder the Slinger, a journeyman HaHu of Ashenzari (D:9)
  7 two-headed ogres
  2 catoblepae (Lair:6)
  2 death knights (Vaults:1)
  2 ogre magi
  13 death yaks
  8 alligators
  An orc high priest (Orc:2)
  A shadow wraith (Vaults:2)
  Sonja (D:11)
  8 spriggans
  3 hell knights (Vaults:2)
  A flayed ghost (Vaults:1)
  A glowing orange brain (Vaults:2)
  A skeletal warrior (Vaults:1)
  5 spriggan druids
  7 unseen horrors
  A death drake (shapeshifter) (Vaults:1)
  15 swamp dragons
  A deep elf archer (Vaults:1)
  5 orc knights
  A phantasmal warrior (Vaults:1)
  6 deep elf magi
  2 necromancers
  8 shambling mangroves
  4 ironbrand convokers
  12 wizards
  17 ugly things
  19 orb spiders
  3 orc sorcerers (Orc:2)
  34 wolf spiders
  6 cyclopes
  2 manticores (Lair:6)
  9 elephants
  A vault sentinel (Vaults:1)
  3 naga magi (D:15)
  An ice statue (IceCv)
  4 black mambas
  Maurice (D:9)
  A gargoyle (D:14)
  16 spiny frogs
  2 torpor snails (Spider:4)
  A hellion (Abyss:3)
  An orange demon (Abyss:3)
  6 centaur skeletons
  A hellwing (Abyss:3)
  10 demonic crawlers
  An efreet (D:14)
  4 komodo dragons
  A freezing wraith (Vaults:1)
  5 yaktaurs (Vaults:2)
  A rime drake (Lair:2)
  A queen bee (D:11)
  3 trolls
  13 polar bears
  An ancient zyme (Abyss:3)
  24 hornets
  A sphinx simulacrum (Vaults:2)
  27 jumping spiders
  Prince Ribbit (D:5)
  9 tyrant leeches
  A jumping spider (shapeshifter) (D:13)
  16 blink frogs
  32 slime creatures
  A raiju (Abyss:2)
  16 hippogriffs
  18 bog bodies
  4 wraiths
  27 tarantellas
  72 redbacks
  The ghost of Sapher the Ruffian, an amateur VSFi (D:7)
  4 shadows
  48 yaks
  A hog (shapeshifter) (D:14)
  6 wyverns
  A water elemental (D:15)
  A centaur simulacrum (D:15)
  A human (Swamp:4)
  2 fire elementals (D:15)
  Eustachio (D:5)
  2 basilisks
  2 hungry ghosts
  13 vampire mosquitoes
  A chaos spawn (Abyss:2)
  A neqoxec (Abyss:3)
  2 large abominations (Abyss:2)
  38 swamp worms
  7 water moccasins
  2 acid dragons
  14 insubstantial wisps
  10 soldier ants
  6 wargs
  3 porcupines
  2 hell hounds (D:15)
  21 swamp drakes
  40 orc warriors
  7 sky beasts
  4 black bears (Lair:3)
  23 ogres
  A phantom (D:6)
  An eye of draining (D:15)
  4 ice beasts
  A necrophage (D:9)
  A black mamba simulacrum (Abyss:3)
  19 wolves
  15 centaurs
  8 crocodiles
  15 bullfrogs
  2 big kobolds
  A gnoll sergeant (D:8)
  2 wyvern zombies
  2 scorpions
  21 killer bees (D:11)
  10 wights
  2 electric eels
  2 howler monkeys
  3 crimson imps
  3 bullfrog zombies
  2 centaur zombies
  4 quasits
  3 jellies
  3 bullfrog skeletons
  32 orc priests
  9 hounds
  33 orc wizards
  Crazy Yiuf (D:3)
  An iron imp (Abyss:3)
  Terence (D:3)
  4 iguanas
  3 small abominations (Abyss:2)
  25 worker ants
  8 mummies (Ossuary)
  Robin (D:3)
  A worker ant zombie (D:11)
  8 gnolls
  12 adders
  3 shadow imps
  A white imp (Abyss:3)
  An ufetubus (Abyss:2)
  2 oozes
  2 adder zombies (D:10)
  16 worms
  3 dart slugs (D:2)
  5 leopard geckos
  99 orcs
  2 ball pythons (D:1)
  5 giant cockroaches
  A gnoll zombie (Ossuary)
  19 goblins
  12 hobgoblins
  15 jackals
  8 quokkas
  5 bats
  9 frilled lizards
  4 hobgoblin zombies (Ossuary)
  32 kobolds
  A kobold zombie (Ossuary)
  2 orc zombies (Ossuary)
  A quokka zombie (D:7)
  8 rats
  A briar patch (Swamp:3)
  A fungus (Swamp:4)
  4 plants
  A starspawn tentacle (Abyss:2)
1382 creatures vanquished.

Vanquished Creatures (collateral kills)
  A worker ant (Lair:6)
1 creature vanquished.

Vanquished Creatures (others)
  A ghost moth (Spider:4)
  An emperor scorpion (Spider:4)
  An ironheart preserver (Vaults:1)
  An entropy weaver (Spider:2)
  A stone giant (D:14)
  A hydra (Lair:6)
  A fire dragon (Vaults:2)
  A queen ant (Lair:6)
  An alligator (Swamp:1)
  A catoblepas (Lair:6)
  3 two-headed ogres
  2 death yaks (Lair:5)
  A hell knight (Vaults:2)
  A wizard (D:13)
  A swamp dragon (Swamp:2)
  A shambling mangrove (Swamp:3)
  An orc knight (Vaults:2)
  An orb spider (Spider:4)
  An ugly thing (Vaults:1)
  6 wolf spiders
  A cyclops (D:12)
  3 elephants
  A torpor snail (Spider:4)
  A gargoyle (D:15)
  2 centaur skeletons (D:15)
  A spiny frog (Lair:4)
  3 demonic crawlers
  A rime drake (Lair:6)
  A komodo dragon (Lair:5)
  4 polar bears
  2 tyrant leeches (Swamp:2)
  A hornet (Spider:4)
  2 slime creatures
  A blink frog (Lair:4)
  2 bog bodies (Swamp:4)
  A shadow (Swamp:2)
  A redback (Spider:4)
  A tarantella (Spider:1)
  3 yaks
  4 humans
  An insubstantial wisp (Swamp:2)
  A swamp worm (Swamp:1)
  3 orc warriors
  A black bear (Lair:3)
  A swamp drake (Swamp:4)
  A crocodile (Lair:6)
  A killer bee (D:11)
  A wight (D:9)
  A hound (D:13)
  An orc priest (Orc:1)
  A worm (Spider:2)
  6 orcs
  A goblin (Bailey)
  A kobold (Bailey)
  A briar patch (Swamp:3)
  A bush (Lair:6)
  17 fungi
  22 plants
  5 starspawn tentacles
131 creatures vanquished.

Grand Total: 1514 creatures vanquished

Notes
Turn   | Place    | Note
-------+----------+-------------------------------------------
     0 | D:1      | Gorglomux the Demigod Fire Elementalist began the quest for the Orb.
     0 | D:1      | Reached XP level 1. HP: 14/14 MP: 5/5
    32 | D:1      | Reached skill level 1 in Conjurations
   115 | D:1      | Reached skill level 3 in Fire Magic
   164 | D:1      | Reached XP level 2. HP: 20/20 MP: 4/7
   599 | D:1      | Learned a level 2 spell: Throw Flame
  1198 | D:2      | Reached XP level 3. HP: 16/26 MP: 0/9
  1305 | D:2      | Learned a level 3 spell: Conjure Flame
  1759 | D:2      | Reached XP level 4. HP: 33/33 MP: 6/10
  2342 | D:2      | You fall through a shaft for 2 floors!
  2420 | D:4      | Reached skill level 3 in Spellcasting
  2660 | D:3      | Found a white marble altar of Elyvilon.
  2697 | D:3      | Found an ancient bone altar of Kikubaaqudgha.
  2800 | D:2      | Found a sparkling altar of Nemelex Xobeh.
  3137 | D:3      | Reached XP level 5. HP: 38/38 MP: 7/12
  3388 | D:3      | Noticed Robin
  3411 | D:3      | Killed Robin
  3598 | D:3      | Learned a level 4 spell: Sticky Flame
  3603 | D:3      | Noticed Terence
  3640 | D:3      | Reached skill level 3 in Conjurations
  3708 | D:3      | Found a runed door.
  3738 | D:3      | Killed Terence
  3817 | D:3      | Noticed Crazy Yiuf
  3821 | D:3      | Killed Crazy Yiuf
  3821 | D:3      | Reached skill level 4 in Fire Magic
  3977 | D:4      | Found a staircase to the Ecumenical Temple.
  4187 | D:4      | Found a glowing golden altar of the Shining One.
  4190 | D:4      | Found a sacrificial altar of Ru.
  4193 | D:4      | Found an opulent altar of Gozag.
  4200 | D:4      | Reached XP level 6. HP: 45/45 MP: 14/14
  4202 | D:4      | Got a fine short sword
  4203 | D:4      | Identified the +8 short sword of Saltpetre {distort, rC+ Dex+3} (You found it on level 4 of the Dungeon)
  4781 | D:5      | Entered Level 5 of the Dungeon
  4834 | D:5      | Found a shattered altar of Ashenzari.
  4963 | D:5      | Found a sand-covered staircase.
  4983 | D:5      | Noticed Prince Ribbit
  5006 | Ossuary  | Entered an ossuary
  5521 | D:5      | Killed Prince Ribbit
  5521 | D:5      | Reached skill level 5 in Fire Magic
  5521 | D:5      | Reached XP level 7. HP: 8/50 MP: 7/16
  5951 | D:5      | Learned a level 5 spell: Fireball
  6197 | D:5      | Noticed Eustachio
  6202 | D:5      | Killed Eustachio
  6678 | D:6      | Reached XP level 8. HP: 57/57 MP: 15/19
  6813 | D:6      | Found a hide-covered altar of Uskayaw.
  7065 | D:6      | Reached skill level 6 in Fire Magic
  7397 | D:6      | Found a blossoming altar of Fedhas.
  7614 | D:7      | Noticed Sapher's ghost (amateur VSFi)
  7626 | D:7      | Killed Sapher's ghost
  7626 | D:7      | Reached skill level 6 in Conjurations
  8161 | D:7      | Reached skill level 6 in Spellcasting
  8569 | D:7      | Noticed a moth of wrath
  8572 | D:7      | Found a bloodstained altar of Trog.
  8793 | D:8      | Noticed a hippogriff
  8793 | D:8      | Reached skill level 7 in Fire Magic
  8929 | D:8      | Reached XP level 9. HP: 13/62 MP: 13/21
  9265 | D:8      | Reached skill level 8 in Fire Magic
  9314 | D:8      | Found Momnurhyfo's Magic Scroll Emporium.
  9347 | D:8      | Found a flagged portal.
  9359 | Bailey   | Entered a bailey
  9690 | Bailey   | Got a bound wooden ring
  9691 | Bailey   | Identified the ring "Becoddah" {rPois rF+ EV+5} (You found it in a bailey)
  9963 | D:8      | Found a runed door.
  9965 | D:8      | Noticed a sixfirhy
  9970 | D:8      | Bought a scroll of teleportation for 42 gold pieces
  9970 | D:8      | Bought a scroll of identify for 28 gold pieces
  9970 | D:8      | Bought a scroll of teleportation for 42 gold pieces
  9970 | D:8      | Bought a scroll of vulnerability for 105 gold pieces
 10547 | D:9      | Found a staircase to the Lair.
 10555 | D:9      | Noticed Maurice
 10562 | D:9      | Killed Maurice
 10773 | D:9      | Noticed a two-headed ogre
 10776 | D:9      | Killed a two-headed ogre
 10776 | D:9      | Reached skill level 9 in Conjurations
 10776 | D:9      | Reached skill level 9 in Fire Magic
 10776 | D:9      | Reached XP level 10. HP: 69/69 MP: 10/23
 10965 | D:9      | Noticed beholder's ghost (journeyman HaHu)
 11228 | D:9      | Found Saetitt's Assorted Antiques.
 11236 | D:9      | Bought a golden potion for 27 gold pieces
 11236 | D:9      | Bought a pair of glowing boots for 232 gold pieces
 11236 | D:9      | Bought a scroll labeled ROFUONN ILIXO for 31 gold pieces
 11236 | D:9      | Bought a scroll of identify for 62 gold pieces
 11262 | D:9      | Found an iron altar of Okawaru.
 11627 | D:10     | Entered Level 10 of the Dungeon
 11627 | D:10     | Found Wypp's Assorted Antiques.
 11634 | D:10     | Bought a scroll of identify for 44 gold pieces
 11634 | D:10     | Bought a metal-bound book for 330 gold pieces
 11783 | D:10     | Reached skill level 1 in Fighting
 11783 | D:10     | Reached skill level 1 in Short Blades
 11874 | D:10     | Got a crude shield
 12272 | D:10     | Reached skill level 3 in Dodging
 12733 | D:11     | Reached skill level 3 in Short Blades
 12856 | D:11     | Found a portal to a secret trove of treasure.
 12871 | D:11     | Reached skill level 1 in Shields
 13044 | D:11     | Reached skill level 3 in Fighting
 13650 | D:11     | Reached skill level 3 in Stealth
 13654 | D:11     | Reached XP level 11. HP: 82/82 MP: 1/24
 13873 | D:11     | Noticed Sonja
 13876 | D:11     | Killed Sonja
 13982 | D:11     | Reached skill level 3 in Shields
 14107 | D:11     | Found a roughly hewn altar of Beogh.
 14178 | D:11     | Identified the +0 shield "Goka" {-Cast rN+ MR++} (You found it on level 10 of the Dungeon)
 14528 | D:9      | Killed beholder's ghost
 14769 | Lair:1   | Entered Level 1 of the Lair of Beasts
 15012 | Lair:1   | Reached skill level 6 in Dodging
 15171 | Lair:1   | Noticed krabocopter's ghost (journeyman DsGl)
 15411 | Lair:1   | Killed krabocopter's ghost
 15411 | Lair:1   | Reached skill level 6 in Fighting
 16283 | Lair:1   | Learned a level 3 spell: Confuse
 16603 | Lair:2   | Reached skill level 1 in Hexes
 17019 | Lair:2   | Found a hole to the Spider Nest.
 17272 | Lair:3   | Reached XP level 12. HP: 96/96 MP: 19/25
 17585 | Lair:3   | Reached skill level 3 in Hexes
 17683 | Lair:3   | Reached skill level 6 in Short Blades
 18284 | Lair:4   | Noticed a six-headed hydra
 18288 | Lair:4   | Killed a six-headed hydra
 18556 | Lair:4   | Found a staircase to the Swamp.
 18814 | Lair:4   | Got a jewelled cloak
 19033 | Lair:4   | Identified the +0 cloak of Dramatic Exits {rF+ rC+ Regen+ Str-2} (You found it on level 4 of the Lair of Beasts)
 19686 | Lair:4   | Noticed an eight-headed hydra
 19691 | Lair:4   | Killed an eight-headed hydra
 19966 | Lair:5   | Reached skill level 6 in Hexes
 20528 | Lair:5   | Found a frozen archway.
 20542 | Lair:5   | Noticed a five-headed hydra
 20546 | Lair:5   | Killed a five-headed hydra
 20546 | Lair:5   | Reached XP level 13. HP: 102/102 MP: 6/26
 20556 | IceCv    | Entered an ice cave
 20560 | IceCv    | Reached skill level 9 in Short Blades
 21009 | IceCv    | Learned a level 6 spell: Invisibility
 21016 | IceCv    | Noticed a frost giant
 21320 | IceCv    | Killed a frost giant
 21694 | Lair:5   | Found a viscous altar of Jiyva.
 21694 | Lair:5   | Found a staircase to the Slime Pits.
 22112 | Lair:6   | Entered Level 6 of the Lair of Beasts
 22129 | Lair:6   | Noticed an entropy weaver
 22131 | Lair:6   | Noticed an entropy weaver
 22541 | Lair:6   | Killed an entropy weaver
 22541 | Lair:6   | Reached skill level 9 in Hexes
 22821 | Lair:5   | Killed an entropy weaver
 24882 | Lair:6   | Reached XP level 14. HP: 72/110 MP: 0/27
 25867 | D:12     | Found a staircase to the Orcish Mines.
 25884 | D:12     | Reached skill level 12 in Short Blades
 26588 | D:13     | Found a gate to the Vaults.
 26594 | D:13     | Cast into level 2 of the Abyss (a wizard)
 26862 | Abyss:2  | Noticed a tentacled starspawn
 26876 | Abyss:3  | Noticed a tentacled starspawn
 26876 | Abyss:3  | Noticed a tentacled starspawn
 26878 | Abyss:3  | Found a corrupted altar of Lugonu.
 26948 | Abyss:3  | Got a polished scimitar
 27002 | Abyss:3  | Noticed a tentacled starspawn
 27004 | Abyss:3  | Noticed a tentacled starspawn
 27163 | Abyss:3  | Noticed a deep elf sorcerer
 27339 | Abyss:3  | Found a corrupted altar of Lugonu.
 27405 | Abyss:3  | Noticed an angel
 27629 | D:13     | Escaped the Abyss
 28684 | D:14     | Reached skill level 12 in Hexes
 28958 | D:14     | Identified the +1 scimitar "Umauklij" {venom, Str+2 Int+2 SInv} (You found it on level 3 of the Abyss)
 29060 | D:14     | Noticed a frost giant
 29252 | D:14     | Killed a frost giant
 29496 | D:14     | Learned a level 3 spell: Regeneration
 29610 | D:15     | Entered Level 15 of the Dungeon
 29968 | D:15     | Reached XP level 15. HP: 115/115 MP: 24/32
 30016 | D:15     | Noticed Azrael
 30024 | D:15     | Killed Azrael
 30251 | D:15     | Found Paaheh's Jewellery Shop.
 30463 | D:15     | Bought an uncursed ring of protection from magic for 400 gold pieces
 30560 | D:15     | Learned a level 2 spell: Blink
 30763 | D:15     | Found a staircase to the Depths.
 31073 | Orc:1    | Entered Level 1 of the Orcish Mines
 31405 | Orc:1    | Found a roughly hewn altar of Beogh.
 31438 | Orc:1    | Noticed Snorg
 31460 | Orc:1    | Killed Snorg
 31739 | Orc:2    | Entered Level 2 of the Orcish Mines
 31927 | Orc:2    | Found a bloodstained altar of Trog.
 32203 | Orc:2    | Found Fiemmea's Weapon Shop.
 32241 | Orc:2    | Found Vealax's Assorted Antiques.
 32252 | Orc:2    | Bought a vibrating lead amulet for 150 gold pieces
 32252 | Orc:2    | Bought a scroll of teleportation for 90 gold pieces
 32252 | Orc:2    | Identified the amulet "Sofuel" {Inacc rC+ Int+4} (You bought it in a shop on level 2 of the Orcish Mines)
 32254 | Orc:2    | Identified a scroll of acquirement
 32398 | Orc:2    | Found a staircase to the Elven Halls.
 32854 | Orc:2    | Reached skill level 6 in Stealth
 33065 | Orc:2    | Found a roughly hewn altar of Beogh.
 33266 | Orc:2    | Found Nyatree's Antique Armour Shoppe.
 33269 | Orc:2    | Found Ciuptirr's Antique Armour Emporium.
 33458 | Orc:2    | Found Liawkar's Book Emporium.
 33466 | Orc:2    | Found Cylo Bif's Antique Weapon Emporium.
 33471 | Orc:2    | Found Qioniefi's General Store.
 33481 | Orc:2    | Bought a potion of might for 68 gold pieces
 33481 | Orc:2    | Bought a potion of curing for 51 gold pieces
 33868 | Spider:1 | Entered Level 1 of the Spider Nest
 34007 | Spider:1 | Noticed Aizul
 34044 | Spider:1 | Banished Aizul
 34690 | Spider:1 | Reached skill level 9 in Stealth
 36597 | Spider:2 | Noticed Roxanne
 36665 | Spider:2 | Killed Roxanne
 37801 | Spider:2 | You fall through a shaft!
 38103 | Spider:3 | Reached XP level 16. HP: 61/124 MP: 11/33
 38603 | Spider:3 | Reached skill level 9 in Spellcasting
 38970 | Spider:4 | Entered Level 4 of the Spider Nest
 39466 | Spider:4 | Reached skill level 10 in Fire Magic
 39725 | Spider:4 | Noticed Arachne
 39749 | Spider:4 | Banished Arachne
 39757 | Spider:4 | Paralysed by a hornet for 2 turns
 41336 | Spider:4 | Got a gossamer rune of Zot
 41658 | Spider:4 | Identified Sif Muna's Collected Works on Damaging Lightness (You acquired it on level 4 of the Spider Nest)
 41768 | Spider:4 | Learned a level 6 spell: Bolt of Fire
 42374 | Spider:2 | Gained mutation: You are clumsy. (Dex -2) [mutagenic glow]
 42930 | Swamp:1  | Entered Level 1 of the Swamp
 43427 | Swamp:1  | Reached skill level 9 in Dodging
 44028 | Swamp:1  | Reached skill level 11 in Fire Magic
 45262 | Swamp:2  | Reached XP level 17. HP: 134/134 MP: 20/36
 45457 | Swamp:2  | Noticed Louise
 45474 | Swamp:2  | Killed Louise
 47906 | Swamp:4  | Entered Level 4 of the Swamp
 47906 | Swamp:4  | Noticed Kirke
 47909 | Swamp:4  | Killed Kirke
 47909 | Swamp:4  | Reached skill level 12 in Fire Magic
 50187 | Swamp:4  | Noticed the 27-headed Lernaean hydra
 50335 | Swamp:4  | Killed the 27-headed Lernaean hydra
 50335 | Swamp:4  | Reached skill level 12 in Spellcasting
 50348 | Swamp:4  | Got a decaying rune of Zot
 50553 | Swamp:4  | Reached skill level 13 in Fire Magic
 51769 | Vaults:1 | Entered Level 1 of the Vaults
 51793 | Vaults:1 | Noticed Jorgrun
 51803 | Vaults:1 | Banished Jorgrun
 52600 | Vaults:1 | Reached XP level 18. HP: 57/141 MP: 14/40
 53203 | Vaults:1 | HP: 6/141 [deep elf knight/stone arrow[an ironheart preserver] (16)]
 53615 | Vaults:1 | Reached skill level 14 in Fire Magic
 54032 | Vaults:2 | Noticed Margery
 54961 | Vaults:2 | Noticed Mara
 55402 | Vaults:2 | Reached skill level 15 in Fire Magic
 55552 | Vaults:2 | Killed from afar by Margery

Vault maps used:
D:1:      eino_arrival_druids_welcome
D:2:      kennysheep_six_static_rooms, nemelex_lonely_heart_becter
D:3:      old_standard_altar, elyvilon_altar_1, uniq_crazy_yiuf_cottage,
          uniq_terence, uniq_robin
D:4:      grunt_temple_overflow_diamond, minmay_temple_entry_trees, first_bread,
          hangedman_abyss_or_decor_stagger, minmay_cut_off
D:5:      evilmike_ruin_ashenzari, enter_ossuary_2, uniq_eustachio,
          uniq_prince_ribbit1
D:6:      fedhas_altar_4, nicolae_overflow_hidden_temple
D:7:      tgw_trog
D:8:      cheibrodos_shockbox, enter_bailey_2, serial_shops, nicolae_shop_stone
D:9:      kennysheep_mini_moat, lair_entry_dummy, serial_shops, shop,
          uniq_maurice
D:10:     serial_shops, shop
D:11:     nicolae_trove_entry_crossroad, special_room, david_nohive_1,
          uniq_sonja
D:12:     orc_david_3
D:13:     david_vaults_1
D:14:     minmay_wizard_corner, evilmike_minifort
D:15:     grunt_enter_depths_magical_seal, minmay_crystal_water, serial_shops,
          nicolae_shop_waterfront, uniq_azrael
Lair:1:   st_stairs_9, beast_lair_carwin_3
Lair:2:   nicolae_spider_entry_orb_guardian
Lair:3:   beast_lair_carwin_large_3, infiniplex_staircase_pool
Lair:4:   nicolae_swamp_entry_splash_gauntlet, grunt_forest_small_clearing_treed
Lair:5:   slime_altar_1, portal_ice_cave_entry_pillars_2,
          eino_small_chamber_without_monster, minivault_27, grunt_megastairs_5
Lair:6:   evilmike_catoblepas_cave, minmay_another_anthill
Swamp:1:  evilmike_swamp_ruin_house_4, swamp_pool5
Swamp:2:  evilmike_swamp_ruin_house_6, uniq_louise
Swamp:3:  serial_swamp_ruin, evilmike_swamp_ruin_wall,
          evilmike_swamp_ruin_house_2, evilmike_swamp_ruin_house_1
Swamp:4:  grunt_swamp_rune_castle, swamp_pool5, uniq_kirke
Spider:1: einodemon_crawler_minivault, uniq_aizul
Spider:2: worms_lemuel, uniq_roxanne
Spider:3: spiders_nest_hornet_nest
Spider:4: johnstein_spider_rune_arachne_lair, nicolae_spider_nook
Orc:1:    basic_altar, uniq_snorg
Orc:2:    grunt_orc_cross, serial_shops, shop, nicolae_shop_behind_doors, shop,
          basic_altar
Vaults:1: v_misc_9, vaults_mumra_lcd, grunt_vaults_hallway_long,
          vaults_room_hallway, vaults_room_door_ring, grunt_vaults_diagonal,
          vaults_room_corners, uniq_jorgrun
Vaults:2: hangedman_vaults_cutoff, nicolae_vaults_back_hallway,
          hangedman_vaults_impose, ontoclasm_vaults_spin,
          hangedman_vaults_cutoff, hangedman_vaults_variations,
          vaults_dpeg_hooks, basic_altar, uniq_mara, uniq_margery, uniq_jory
Abyss:2:  serial_sigils_hangedman_gut
Abyss:3:  nicolae_abyss_rune_left_handed
Ossuary:  ossuary_tomb_3
Bailey:   bailey_axe_1, bailey
IceCv:    ice_cave_small_giant

Skill      XL: |  1  2  3  4  5  6  7  8  9 10 11 12 13 14 15 16 17 18 |
---------------+-------------------------------------------------------+-----
Conjurations   | 1 2 3 4 5 6 9 |  9.2
Fire Magic     | 3 4 5 7 9 11 13 15 | 15.2
Spellcasting   | 2 3 4 5 6 8 10 12 13 | 13.0
Dodging        | 4 7 9 |  9.4
Fighting       | 3 6 8 |  8.0
Short Blades   | 3 5 8 11 12 | 12.0
Stealth        | 3 5 11 | 11.1
Shields        | 2 3 |  3.1
Hexes          | 2 7 10 12 13 | 13.7

Action                   |  1- 3 |  4- 6 |  7- 9 | 10-12 | 13-15 | 16-18 || total
-------------------------+-------+-------+-------+-------+-------+-------++-------
Melee: Unarmed           |     5 |       |       |       |       |       ||     5
       Spear             |    34 |    78 |       |       |       |       ||   112
       Short sword       |       |    15 |    36 |   356 |  1160 |   891 ||  2458
Throw: Stone             |       |       |       |     7 |       |       ||     7
 Cast: Flame Tongue      |    51 |    75 |   130 |   228 |    27 |   119 ||   630
       Throw Flame       |    12 |    56 |    52 |    47 |    13 |    11 ||   191
       Conjure Flame     |     2 |     6 |     4 |    20 |     9 |       ||    41
       Sticky Flame      |       |     2 |    19 |    30 |    49 |    53 ||   153
       Fireball          |       |       |    15 |    81 |   264 |   275 ||   635
       Confuse           |       |       |       |     8 |    65 |    35 ||   108
       Invisibility      |       |       |       |       |    26 |    28 ||    54
       Blink             |       |       |       |       |     7 |    10 ||    17
       Regeneration      |       |       |       |       |     6 |     2 ||     8
       Bolt of Fire      |       |       |       |       |       |   117 ||   117
Evoke: Phantom mirror    |       |       |       |     1 |       |       ||     1
       Wand              |       |       |       |       |     4 |    21 ||    25
  Use: Scroll            |       |    13 |    10 |     8 |    22 |    14 ||    67
       Potion            |       |     2 |     1 |     1 |     9 |     3 ||    16
 Stab: Sleeping          |       |     3 |       |     9 |    20 |    31 ||    63
       Invisible         |       |       |     3 |       |    79 |    80 ||   162
       Distracted        |       |       |       |     2 |     8 |     5 ||    15
       Confused          |       |       |       |     1 |    21 |     7 ||    29
       Petrified         |       |       |       |       |     1 |       ||     1
  Eat: Chunk             |     4 |    12 |    20 |    59 |   100 |    76 ||   271
       Bread ration      |       |     1 |       |       |       |     1 ||     2
       Royal jelly       |       |       |       |     1 |       |     6 ||     7
       Fruit             |       |       |       |     1 |       |     1 ||     2
Armor: Robe              |    13 |    21 |    14 |    61 |   136 |   106 ||   351
       Skin              |       |     1 |       |       |       |       ||     1
Dodge: Dodged            |    28 |    55 |    73 |   356 |   903 |   887 ||  2302
